Map: Blackburn LE

Players

uThermal - Winner!

  • Race: Terran Terran

Harstem

  • Race: Protoss Protoss

Event: DreamHack SC2 Masters 2021 Winter

VOD

Have the link to the VOD?

Description

Time

  • Played on: Oct. 2, 2021, 12:32 p.m.
  • Length: 10:06

All games in this series

Show
View Real Time Build Order
Export as new Build Order

uThermal Terran - Winner!

Build Orders:  

Get SALT Encoding   

  12  0:00  SCV  
  13  0:12  SCV  
  14  0:17  Supply Depot  
  14  0:24  SCV  
  15  0:38  SCV  
  15  0:39  Barracks  
  16  0:43  Refinery  
  16  0:50  SCV  
  16  0:53  Refinery  
  17  1:02  SCV  
  18  1:15  SCV  
  19  1:26  Reaper  
  19  1:27  Supply Depot, Orbital Command  
  20  1:40  Factory  
  20  1:52  SCV  
  21  1:58  Reaper  
  22  2:04  SCV  
  23  2:16  SCV  
  23  2:22  Command Center  
  24  2:28  Hellion  
  24  2:29  SCV  
  27  2:32  Barracks Reactor  
  27  2:41  SCV  
  27  2:44  Starport  
  28  2:53  Supply Depot  
  28  2:54  Widow Mine  
  28  2:55  SCV  
  31  3:14  Marine x2  
  31  3:17  Factory Tech Lab  
  31  3:19  Bunker  
  33  3:21  Viking  
  35  3:32  Marine x2  
  37  3:35  Orbital Command  
  36  3:43  Siege Tank  
  39  3:50  Marine x2  
  39  3:52  SCV  
  39  3:55  Starport Tech Lab  
  42  4:00  SCV  
  43  4:03  Orbital Command  
  43  4:04  SCV  
  44  4:13  Raven  
  46  4:21  Marine x2  
  47  4:25  SCV  
  47  4:28  SCV  
  48  4:31  Siege Tank  
  48  4:36  Supply Depot  
  48  4:37  SCV, Barracks  
  52  4:40  SCV  
  52  4:43  Marine  
  54  4:54  Barracks  
  54  4:57  SCV, Marine  
  56  5:00  SCV  
  56  5:03  Supply Depot  
  57  5:09  SCV  
  57  5:10  Siege Tank  
  57  5:12  SCV  
  62  5:17  Marine  
  62  5:18  Engineering Bay  
  60  5:21  SCV  
  60  5:26  Marine  
  60  5:28  SCV  
  63  5:35  Supply Depot, SCV  
  64  5:37  Marauder, Stimpack, Marine  
  64  5:40  SCV  
  68  5:44  Starport Reactor  
  68  5:46  Supply Depot, Marine  
  68  5:48  SCV  
  68  5:49  Factory Reactor  
  70  5:52  Terran Infantry Weapons Level 1  
  70  5:56  SCV, Marine  
  72  5:58  Refinery  
  72  5:59  Supply Depot  
  72  6:00  SCV  
  72  6:01  Marine x2  
  75  6:08  SCV  
  76  6:11  Marine  
  76  6:12  Missile Turret, SCV  
  76  6:17  Combat Shield  
  78  6:19  Marauder, Missile Turret  
  78  6:20  SCV, Marine x2  
  78  6:24  Supply Depot  
  83  6:26  SCV  
  83  6:27  Widow Mine  
  83  6:29  Widow Mine  
  83  6:31  Marine  
  90  6:32  SCV  
  90  6:37  Marine  
  90  6:38  SCV, Marine  
  93  6:41  Supply Depot, Marine  
  93  6:45  SCV  
  93  6:48  Medivac x2  
  93  6:49  Supply Depot  
  93  6:52  Widow Mine  
  93  6:54  Widow Mine, Marine  
  101  6:59  Supply Depot  
  102  7:02  Marine x3  
  105  7:09  Supply Depot  
  105  7:12  Marine  
  105  7:13  Supply Depot  
  105  7:14  Widow Mine  
  105  7:15  Widow Mine  
  110  7:18  Medivac  
  110  7:20  Marine  
  113  7:22  Medivac  
  113  7:23  Marine  
  113  7:28  Marauder, Supply Depot  
  118  7:30  Marine  
  118  7:34  Concussive Shells  
  118  7:35  Widow Mine  
  121  7:38  Marine  
  121  7:41  Marine  
  123  7:45  Missile Turret  
  123  7:48  Marine  
  123  7:49  Marauder, Medivac  
  128  7:57  Supply Depot  
  128  8:02  Marine  
  128  8:03  Marauder  
  131  8:07  Command Center  
  131  8:08  Widow Mine  
  131  8:10  Widow Mine  
  135  8:15  Marine  
  135  8:17  Supply Depot  
  136  8:29  Widow Mine, Medivac x2  
  136  8:31  Widow Mine  
  141  8:41  Marine  
  141  8:42  Marauder  
  127  8:49  Marine  
  127  8:50  Marine  
  127  8:51  Widow Mine  
  127  8:53  Widow Mine  
  115  8:59  Medivac, Marine  
  117  9:03  Marauder  
  117  9:07  Marine x2  
  117  9:08  Barracks x2  
  117  9:13  Refinery  
  117  9:17  Marine  
  117  9:18  Widow Mine x2  
  117  9:20  SCV  
  117  9:21  SCV  
  124  9:25  Marauder  
  124  9:26  Marauder  
  124  9:31  Marine  
  129  9:32  SCV  
  129  9:39  Widow Mine  
  128  9:46  Marine  
Show
View Real Time Build Order
Export as new Build Order

Harstem Protoss 

Build Orders:  

Get SALT Encoding   

  12  0:08  Pylon  
  12  0:14  Probe  
  13  0:27  Gateway  
  13  0:30  Probe (Chrono Boost)  
  14  0:40  Assimilator, Probe (Chrono Boost)  
  15  0:44  Probe (Chrono Boost)  
  16  0:50  Assimilator  
  16  0:56  Probe  
  17  1:08  Probe  
  18  1:14  Cybernetics Core  
  18  1:20  Probe  
  18  1:21  Pylon  
  19  1:32  Probe  
  20  1:44  Probe  
  21  1:47  Adept (Chrono Boost)  
  21  1:52  Robotics Facility  
  23  1:54  Warp Gate  
  23  1:56  Probe  
  24  2:09  Probe  
  24  2:10  Stalker  
  27  2:37  Immortal (Chrono Boost)  
  27  2:42  Pylon  
  31  2:45  Shield Battery  
  29  3:11  Observer  
  30  3:13  Nexus  
  29  3:39  Warp Prism (Chrono Boost)  
  29  3:40  Twilight Council  
  29  3:46  Stalker  
  29  3:48  Probe  
  33  4:04  Probe  
  33  4:09  Gateway  
  34  4:12  Stalker  
  34  4:16  Probe  
  37  4:26  Charge (Chrono Boost)  
  37  4:28  Probe  
  38  4:38  Stalker  
  38  4:39  Probe (Chrono Boost)  
  42  4:46  Probe (Chrono Boost)  
  42  4:49  Probe (Chrono Boost)  
  44  4:53  Probe (Chrono Boost)  
  44  4:54  Probe (Chrono Boost)  
  46  5:08  Stalker, Gateway  
  46  5:09  Stalker  
  46  5:14  Probe, Pylon  
  49  5:19  Probe (Chrono Boost)  
  50  5:24  Observer  
  50  5:26  Probe (Chrono Boost)  
  52  5:29  Pylon  
  52  5:33  Zealot x2  
  58  5:37  Probe (Chrono Boost)  
  58  5:38  Gateway  
  58  5:39  Probe (Chrono Boost)  
  58  5:41  Probe (Chrono Boost)  
  58  5:46  Probe  
  60  5:51  Pylon  
  60  5:52  Gateway  
  60  5:57  Gateway  
  60  5:59  Probe  
  60  6:00  Sentry  
  64  6:09  Templar Archives  
  64  6:10  Assimilator  
  63  6:11  Probe  
  63  6:14  Probe  
  63  6:18  Assimilator  
  64  6:23  Probe  
  65  6:28  Zealot x3  
  65  6:29  Psionic Storm  
  72  6:33  Pylon  
  72  6:37  Gateway  
  71  6:40  Gateway  
  72  6:49  High Templar  
  72  6:50  High Templar  
  72  6:53  High Templar  
  77  6:57  Zealot  
  77  7:00  Pylon  
  79  7:05  Probe  
  81  7:16  High Templar  
  81  7:18  Nexus  
  82  7:23  Sentry, Shield Battery  
  82  7:24  Probe  
  82  7:26  Probe  
  82  7:28  Observer  
  87  7:31  Pylon  
  87  7:35  Zealot  
  87  7:37  Probe  
  90  7:46  Zealot x2  
  90  7:50  Stalker, Blink (Chrono Boost)  
  96  7:56  Stalker  
  98  8:00  Probe  
  98  8:05  Pylon  
  99  8:10  Zealot  
  101  8:13  Pylon  
  101  8:28  Zealot x5  
  107  8:40  Zealot x3  
  105  8:52  Archon  
  105  8:55  Zealot x3  
  81  8:56  Zealot  
  81  8:57  Zealot  
  81  9:00  Zealot x2, Probe (Chrono Boost)  
  86  9:03  Probe (Chrono Boost)  
  86  9:08  Probe (Chrono Boost)  
  88  9:12  High Templar  
  88  9:14  Probe (Chrono Boost)  
  88  9:15  Probe (Chrono Boost)  
  91  9:17  Probe (Chrono Boost)  
  91  9:19  Probe (Chrono Boost), High Templar  
  91  9:20  High Templar x2  
  91  9:22  Probe  
  91  9:24  High Templar  
  101  9:28  Forge  
  101  9:33  Zealot, Sentry  
  101  9:34  Zealot  
  99  9:50  Zealot  
  97  9:53  Zealot x3  

Tags
 
Add a new tag
Caveats
  • Supply blocks, unpowered buildings, or Contaminate may cause inaccurate times.
  • Supply counts are checked every 10 seconds.